 Dungeon Crawl Stone Soup version 0.25-a0-161-gb7fd73da8f (webtiles) character file.

Game seed: 15671776645563202163, levelgen mode: deterministic

6 Leeroy the Charmwright (level 1, 0/17 HPs)
             Began as a Draconian Skald on Nov 21, 2019.
             Slain by a kobold
             ... wielding a +0 club
              (2 damage)
             ... on level 1 of the Dungeon.
             The game lasted 00:00:33 (234 turns).

Leeroy the Charmwright (Draconian Skald)             Turns: 234, Time: 00:00:33

Health: 0/17       AC:  4    Str: 13    XL:     1   Next: 75%
Magic:  3/3        EV: 12    Int: 13    God:
Gold:   12         SH:  0    Dex: 10    Spells: 3/4 levels left

rFire    . . .     SeeInvis .   a - +0 falchion
rCold    . . .     Gourm    .   (no shield)
rNeg     . . .     Faith    .   (armour unavailable)
rPois    .         Spirit   .   (helmet restricted)
rElec    .         Reflect  .   (no cloak)
rCorr    .         Harm     .   (no gloves)
MR       .....                  (no boots)
Stlth    +.........             (no amulet)
HPRegen  0.05/turn              (no ring)
MPRegen  0.08/turn              (no ring)

@: no status effects
A: unfitting armour, cold-blooded, AC +4
a: no special abilities


You were on level 1 of the Dungeon.
You were not hungry.

You visited 1 branch of the dungeon, and saw 1 of its levels.

You collected 12 gold pieces.

Inventory:

Hand Weapons
 a - a +0 falchion (weapon)
 e - a +0 dagger
Scrolls
 d - a scroll of identify {unknown}
 h - a scroll of remove curse {unknown}
Potions
 b - a potion of brilliance {unknown}
 g - a potion of ambrosia {unknown}
Comestibles
 c - a ration
 f - 3 chunks of flesh


   Skills:
 - Level 2.1 Fighting
 + Level 2.6 Long Blades
 - Level 2.1 Dodging
 - Level 2.0 Spellcasting
 - Level 2.6 Charms


You had 3 spell levels left.
You knew the following spells:

 Your Spells              Type           Power        Failure   Level  Hunger
a - Infusion              Chrm           #...         9%          1    ##.....

Your spell library contained the following spells:

 Spells                   Type           Power        Failure   Level  Hunger
 Song of Slaying          Chrm           #.......     13%         2    ###....
 Shroud of Golubria       Chrm/Tloc      #.....       22%         2    ###....
 Regeneration             Chrm/Necr      #.........   41%         3    ####...
 Spectral Weapon          Hex/Chrm       #.......     41%         3    ####...


Dungeon Overview and Level Annotations

Branches:
Dungeon (1/15)

Altars:


Innate Abilities, Weirdness & Mutations

Your plain brown scales are hard. (AC +4)
You cannot fit into any form of body armour.
You are cold-blooded and may be slowed by cold attacks.


Message History

You are too injured to fight recklessly!
Unknown command.
The kobold shouts!
You are too injured to fight recklessly!
You closely miss the kobold. The kobold closely misses you.
You closely miss the kobold.
Your tail-slap misses the kobold.
The kobold hits you with a +0 dagger.
You hit the kobold but do no damage. The kobold hits you but does no damage.
You closely miss the kobold. The kobold barely misses you.
You barely miss the kobold. You hit the kobold but do no damage.
The kobold closely misses you. The kobold hits you with a +0 club.
* * * LOW HITPOINT WARNING * * *
The kobold misses you.
You riposte.
You hit the kobold.
The kobold is moderately wounded.
You closely miss the kobold. The kobold hits you but does no damage.
The kobold barely misses you.
You riposte.
You closely miss the kobold.
The kobold is moderately wounded.
You hit the kobold but do no damage. The kobold hits you with a +0 club.
You die...

#.##.# ..... #.#.#
#.#?# ...#.#
#..#.# #.s#.#
..#####K#.#
.......@K.#
..#####...# #...#
#...# #...# #.#>#
######## #.###
#......#########.#
#......'.........#


You could see a giant cockroach and 2 kobolds.

Vanquished Creatures
  A giant cockroach (D:1)
  A goblin (D:1)
  A hobgoblin (D:1)
  A bat (D:1)
  A frilled lizard (D:1)
  A kobold (D:1)
6 creatures vanquished.

Notes
Turn   | Place    | Note
-------+----------+-------------------------------------------
     0 | D:1      | Leeroy the Draconian Skald began the quest for the Orb.
     0 | D:1      | Reached XP level 1. HP: 17/17 MP: 3/3
   234 | D:1      | Slain by a kobold

Levels and vault maps discovered:
D:1:      dpeg_arrival_houses_and_road, layout_basic

Action                   || total
-------------------------++-------
Melee: Falchion          ||    26
       Tailslap          ||     1
Armor: Skin              ||     6
Dodge: Dodged            ||    19
       Rpst.: Falchion   ||     7

Table legend:
 A = Non-vault XP
 B = Vault XP
 C = Vault XP percentage of total XP
 D = Non-vault monster count
 E = Vault monster count
 F = Vault count percentage of total count
                 A         B        C        D         E       F
            +---------+---------+-------+---------+---------+-------
      Total |       9 |       0 |   0.0 |       6 |       0 |   0.0
            +---------+---------+-------+---------+---------+-------
        D:1 |       9 |       0 |   0.0 |       6 |       0 |   0.0
            +---------+---------+-------+---------+---------+-------
